 Dungeon Crawl Stone Soup version 0.30.1-11-g7821555f0a (webtiles) character file.

Game seed: 8662527637906999239

181 failweight the Chopper (level 5, -3/45 HPs)
             Began as a Ghoul Gladiator on Dec 14, 2023.
             Slain by Grinder (6 damage)
             ... on level 4 of the Dungeon.
             The game lasted 00:16:16 (2100 turns).

failweight the Chopper (Ghoul Gladiator)            Turns: 2100, Time: 00:16:17

Health: -3/45      AC:  6    Str: 20    XL:     5   Next: 61%
Magic:  4/4        EV: 11    Int:  3    God:
Gold:   143        SH:  0    Dex: 10    Spells: 4/4 levels left

rFire   . . .        a - +0 war axe
rCold   + . .        (no shield)
rNeg    + + +        h - +0 ring mail
rPois   ∞            c - +0 helmet
rElec   .            (no cloak)
rCorr   .            (no gloves)
SInv    .            (no boots)
Will    .....        (no amulet) Stlth
                     (no ring)
HPRegen 0.00/turn    (no ring)
MPRegen 0.09/turn

%: no passive effects
@: inhibited regen
A: claws 1, cold resistance 1, negative energy resistance 3, inhibited
regeneration, torment resistance 2, devour on kill
a: no special abilities


You were on level 4 of the Dungeon.
You visited 1 branch of the dungeon, and saw 4 of its levels.

You collected 143 gold pieces.

Inventory:

Hand Weapons
 a - a +0 war axe (weapon)
 f - a +0 hand axe
 n - a +0 sling
 w - a +2 heavy sling
 x - a +0 mace
Missiles
 d - 3 throwing nets (quivered)
 e - 5 javelins
 m - 43 stones
Armour
 c - a +0 helmet (worn)
 h - a +0 ring mail (worn)
Scrolls
 g - 5 scrolls of identify {unknown}
 k - a scroll of amnesia {unknown}
 q - a scroll of enchant armour {unknown}
 s - a scroll of magic mapping {unknown}
 u - a scroll of summoning {unknown}
 v - a scroll of torment {unknown}
Potions
 b - 2 potions of brilliance {unknown}
 i - 2 potions of might {unknown}
 j - a potion of heal wounds {unknown}
 l - a potion of cancellation {unknown}
 o - 5 potions of curing {unknown}
 p - 2 potions of attraction {unknown}
 r - 2 potions of mutation {unknown}
 t - a potion of resistance {unknown}


   Skills:
 * Level 3.0 Fighting
 * Level 4.3 Axes
 - Level 1.9 Throwing
 * Level 1.8 Armour
 - Level 3.1 Dodging


You had 4 spell levels left.
You didn't know any spells.
Your spell library contained the following spells:

 Spells                   Type           Power      Damage    Failure   Level
 Magic Dart               Conj           0%         1d3       71%         1
 Call Imp                 Summ           0%         N/A       83%         2
 Mephitic Cloud           Conj/Pois/Air  0%         N/A       97%         3
 Conjure Ball Lightning   Conj/Air       0%         3x3d6     100%        6
 Discord                  Hex            0%         N/A       100%        8
 Disjunction              Tloc           0%         N/A       100%        8


Dungeon Overview and Level Annotations

Branches:
Dungeon (4/15)
 Temple: D:4-7

Altars:
Cheibriados
Uskayaw

Shops:
D:3 *

Annotations:
D:4 Grinder


Innate Abilities, Weirdness & Mutations

You are immune to poison.
You have sharp fingernails.
Your flesh is cold resistant. (rC+)
You are immune to negative energy. (rN+++)
You do not regenerate when monsters are visible.
You are immune to unholy pain and torment.
You thrive by killing the living.


Message History

You resist with significant effort.
You hit Grinder.
Grinder is heavily wounded.
Grinder hits you.
You closely miss Grinder.
Grinder is heavily wounded.
Grinder gestures at you.
You suddenly lose the ability to move!
Grinder completely misses you. Grinder gestures at you.
You resist with significant effort. Grinder hits you.
An adder comes into view.
Grinder hits you but does no damage.
You can move again.
You closely miss Grinder.
Grinder is heavily wounded.
The adder hisses angrily.
Grinder hits you.
You closely miss Grinder.
Grinder is heavily wounded.
Grinder hits you but does no damage.
You slash Grinder!
Grinder is severely wounded.
Grinder barely misses you. Grinder hits you!
* * * LOW HITPOINT WARNING * * *
You barely miss Grinder.
Grinder is severely wounded.
Grinder hits you.
* * * LOW HITPOINT WARNING * * *
You hit Grinder.
Grinder is almost dead.
Grinder barely misses you.
You barely miss Grinder.
Grinder is almost dead.
Grinder hits you.
* * * LOW HITPOINT WARNING * * *
You hit Grinder but do no damage.
Grinder is almost dead.
Grinder misses you. Grinder hits you.
You die...

#...## .... .#. #... ..
..# . .#.# .... .. ..
.#.####....##. ...
..............## ....
...............### .....
#..........#...).#K.....
#..........###..@5KS....
#..........##..###o..♣.♣
#..........##.####......
....)..............[.♣.♣
#.............#.........
....♣.♣........#..... #♣
###.....##..##......>
##♣.♣.♣........>...
#.........#..##..


You could see Grinder, an adder, an orc and 2 kobolds.

Vanquished Creatures
  A hound (D:4)
  An iguana (D:3)
  6 adders
  An ufetubus (D:4)
  A worm (D:2)
  3 dart slugs
  7 bats
  4 endoplasms
  6 goblins
  8 hobgoblins
  3 jackals (D:4)
  A quokka (D:3)
  4 ball pythons
  6 frilled lizards
  8 kobolds
  4 rats
64 creatures vanquished.

Notes
Turn   | Place    | Note
-------+----------+-------------------------------------------
     0 | D:1      | failweight the Ghoul Gladiator began the quest for the Orb.
     0 | D:1      | Reached XP level 1. HP: 17/17 MP: 0/0
   126 | D:1      | Reached XP level 2. HP: 19/24 MP: 1/1
   269 | D:1      | Reached skill level 3 in Axes
   541 | D:2      | Reached XP level 3. HP: 25/30 MP: 2/2
  1023 | D:2      | Reached XP level 4. HP: 37/37 MP: 3/3
  1047 | D:2      | Found a hide-covered altar of Uskayaw.
  1261 | D:3      | Reached skill level 1 in Armour
  1302 | D:3      | Found Muar's General Store.
  1659 | D:3      | Reached skill level 4 in Axes
  1659 | D:3      | Reached XP level 5. HP: 40/44 MP: 4/4
  1837 | D:3      | Found a snail-covered altar of Cheibriados.
  2079 | D:4      | Noticed Grinder
  2083 | D:4      | Paralysed by Grinder for 4 turns
  2090 | D:4      | Paralysed by Grinder for 4 turns
  2100 | D:4      | Slain by Grinder

Illustrated notes

Levels and vault maps discovered:
D:1:      ebering_trefoil_twist, layout_basic, serial_glass, glass_columns_c,
          glass_columns_c, glass_columns_a, glass_columns_b
D:2:      layout_loops_ring, basic_altar, minmay_pentomino_r2
D:3:      layout_loops_ring, mainiacjoe_overflow_tiny_flanked, serial_shops,
          nicolae_lakefront_shop, hangedman_decor_clover_reticule,
          minmay_misc_feat_secret_circle
D:4:      layout_rooms, serial_forest, infiniplex_forest_lined_3_way,
          infiniplex_forest_lined_corner, infiniplex_forest_straight_3,
          infiniplex_forest_clump_medium, infiniplex_forest_lined_1,
          uniq_grinder, uniq_sigmund, uniq_ijyb

Skill      XL: |  1  2  3  4  5 |
---------------+----------------+-----
Dodging        | 3 |  3.1
Axes           | 3 4 |  4.3
Armour         | 1 |  1.8
Fighting       | 3 |  3.0
Throwing       | |  1.9

Action                     |  1- 3 |  4- 6 || total
---------------------------+-------+-------++-------
  Melee: War axe           |   109 |    98 ||   207
         Punch             |       |     1 ||     1
 Armour: Ring mail         |    66 |    46 ||   112
  Dodge: Dodged            |    66 |    66 ||   132
